 Dungeon Crawl Stone Soup version 0.26.1-11-gd32895ea62 (webtiles) character file.

Game seed: 8986398998068959441

23 tizbic2 the Gusty (level 2, -1/24 HPs)
             Began as a Troll Air Elementalist on June 26, 2021.
             Slain by an ice beast (10 damage)
             ... on level 2 of the Dungeon.
             The game lasted 00:05:12 (744 turns).

tizbic2 the Gusty (Troll Air Elementalist)           Turns: 744, Time: 00:05:13

Health: -1/24      AC:  6    Str: 15    XL:     2   Next: 75%
Magic:  3/3        EV: 10    Int: 11    God:
Gold:   38         SH:  0    Dex: 10    Spells: 3/4 levels left

rFire    . . .     SeeInvis .   (no weapon)
rCold    . . .     Faith    .   (no shield)
rNeg     . . .     Spirit   .   a - +0 robe
rPois    .         Reflect  .   (helmet restricted)
rElec    .         Harm     .   (no cloak)
rCorr    .         Rampage  .   (gloves unavailable)
Will     .....                  (boots unavailable)
Stlth    +.........             (no amulet)
HPRegen  0.48/turn              (no ring)
MPRegen  0.08/turn              (no ring)

@: no status effects
A: large, unfitting armour, claws 3, regeneration 1, shaggy fur 1, tough skin 3
a: no special abilities


You were on level 2 of the Dungeon.
You visited 1 branch of the dungeon, and saw 2 of its levels.

You collected 38 gold pieces.

Inventory:

Armour
 a - a +0 robe (worn)
Scrolls
 c - a scroll of remove curse {unknown}
 d - a scroll of enchant armour {unknown}
Potions
 b - a potion of brilliance {unknown}
 e - a potion of ambrosia {unknown}
 f - 2 potions of curing {unknown}


   Skills:
 * Level 0.7 Staves
 * Level 1.7 Dodging
 - Level 1.0 Stealth
 + Level 1.6 Spellcasting
 + Level 0.6 Conjurations
 + Level 2.1 Air Magic


You had 3 spell levels left.
You knew the following spells:

 Your Spells              Type           Power        Failure   Level
a - Shock                 Conj/Air       12%          17%         1

Your spell library contained the following spells:

 Spells                   Type           Power        Failure   Level
 Swiftness                Air            5%           19%         2
 Static Discharge         Conj/Air       3%           45%         3
 Airstrike                Air            2%           77%         4
 Lightning Bolt           Conj/Air       1%           99%         5


Dungeon Overview and Level Annotations

Branches:
Dungeon (2/15)

Altars:

Annotations:
D:2 Terence


Innate Abilities, Weirdness & Mutations

You are too large for most types of armour.
You have claws for hands.
Your natural rate of healing is unusually fast.
You are covered in fur. (AC +1)
You have extremely tough skin. (AC +3)


Message History

You scratch the ice beast.
The ice beast is lightly wounded.
The ice beast closely misses you.
You scratch the ice beast.
The ice beast is moderately wounded.
The ice beast completely misses you.
You barely miss the ice beast.
The ice beast is moderately wounded.
The ice beast barely misses you.
You closely miss the ice beast.
The ice beast is moderately wounded.
The ice beast closely misses you.
You scratch the ice beast but do no damage.
The ice beast is moderately wounded.
The ice beast hits you. The ice beast freezes you!
Ouch! That really hurt!
* * * LOW HITPOINT WARNING * * *
There is a stone staircase leading up here.
The ice beast hits you. The ice beast freezes you!
You die...

#.......#
#.###.##########
#..............#
#...#.######...#
###....## ##'#+#####
.........####.........
.###........'.........
# #.#.#.Y###(........
#.###.)...@# #.........
#.....#....# #.........
#.##..####.# #.........
#....#####.###.........
#.##..........#########
# #.#####.####
#.##.#####.#
#..........#
############


You could see an ice beast.

Vanquished Creatures
  2 giant cockroaches (D:1)
  2 goblins (D:1)
  5 hobgoblins
  2 jackals (D:1)
  3 kobolds
  3 bats (D:1)
  A frilled lizard (D:1)
  2 rats
20 creatures vanquished.

Notes
Turn   | Place    | Note
-------+----------+-------------------------------------------
     0 | D:1      | tizbic2 the Troll Air Elementalist began the quest for the
                  | Orb.
     0 | D:1      | Reached XP level 1. HP: 16/16 MP: 1/1
   128 | D:1      | Reached XP level 2. HP: 24/24 MP: 0/3
   579 | D:2      | Found a faded altar of an unknown god.
   581 | D:2      | Noticed Terence
   717 | D:2      | Noticed an ice beast
   726 | D:2      | HP: 1/24 [ice beast (12)]
   744 | D:2      | Slain by an ice beast

Illustrated notes

Levels and vault maps discovered:
D:1:      minmay_arrival_nine_rooms, layout_basic
D:2:      layout_basic, marbit_many_paths, chequers_ecumenical_altar_simple,
          uniq_terence, uniq_jessica

Action                   || total
-------------------------++-------
Melee: Unarmed           ||    51
 Cast: Shock             ||    16
 Stab: Sleeping          ||     1
Armor: Robe              ||    30
Dodge: Dodged            ||    24
